 Dungeon Crawl Stone Soup version 0.30.1-11-g7821555f0a (webtiles) character file.

Game seed: 5990998407651566672

4389 ICEMaiden the Digger (level 10, 0/61 HPs)
             Began as a Gargoyle Earth Elementalist on Nov 7, 2023.
             Was an Initiate of Sif Muna.
             Slain by a balrug
             ... wielding a +0 demon whip of venom
             ... created by the fury of Makhleb
              (27 damage)
             ... on level 9 of the Dungeon.
             The game lasted 00:26:52 (8585 turns).

ICEMaiden the Digger (Gargoyle Earth Elementalist)  Turns: 8585, Time: 00:26:53

Health: 0/61       AC: 15    Str: 12    XL:     10   Next: 35%
Magic:  2/16       EV: 13    Int: 26    God:    Sif Muna [......]
Gold:   585        SH:  0    Dex: 10    Spells: 7/17 levels left

rFire   . . .        b - +2 whip (holy)
rCold   . . .        (no shield)
rNeg    + . .        I - +2 robe {Archmagi}
rPois   ∞            f - +1 hat
rElec   +            r - +0 cloak
rCorr   +            q - +0 pair of gloves
SInv    .            H - +0 pair of boots
Will    .....        (no amulet)
Stlth   +++          h - +6 ring of intelligence
HPRegen 0.30/turn    J - ring of resist corrosion
MPRegen 0.15/turn

%: archmagi
@: no status effects
A: sickness immunity, AC +7, negative energy resistance 1, electricity
resistance, torment resistance 1, petrification resistance
a: Renounce Religion


You were on level 9 of the Dungeon.
You worshipped Sif Muna.
Sif Muna was noncommittal.
You visited 2 branches of the dungeon, and saw 10 of its levels.

You collected 585 gold pieces.

Inventory:

Hand Weapons
 a - a +2 triple sword of electrocution
 b - a +2 whip of holy wrath (weapon)
 W - a +4 mace of protection
Missiles
 k - 8 atropa-tipped darts
 l - 11 poisoned darts
 F - 9 boomerangs
 K - 4 datura-tipped darts
Armour
 f - a +1 hat (worn)
 p - a +0 kite shield
 q - a +0 pair of gloves (worn)
 r - a +0 cloak (worn)
 G - a +2 robe of resistance
 H - a +0 pair of boots (worn)
 I - a +2 robe of the Archmagi (worn)
Magical Staves
 w - a staff of air
Jewellery
 h - a +6 ring of intelligence (left hand)
 J - a ring of resist corrosion (right hand)
Wands
 A - a wand of charming (1)
 E - a wand of digging (8)
 V - a wand of flame (13)
Scrolls
 c - 4 scrolls of immolation
 g - 2 scrolls of amnesia
 j - a scroll of poison {unknown}
 m - a scroll of silence {unknown}
 o - a scroll of magic mapping
 t - a scroll of fog {unknown}
 u - 3 scrolls of vulnerability {unknown}
 v - 3 scrolls of teleportation {unknown}
 C - a scroll of fear {unknown}
Potions
 d - 3 potions of curing
 e - a potion of berserk rage
 n - a potion of mutation {unknown}
 s - a potion of flight
 x - a potion of brilliance
 y - 2 potions of magic
 z - 2 potions of haste
 B - a potion of might
 D - a potion of lignification


   Skills:
 * Level 6.4 Fighting
 - Level 2.7 Long Blades
 - Level 3.0 Armour
 * Level 5.2 Dodging
 + Level 5.1 Stealth
 + Level 4.3 Shields
 + Level 4.1 Spellcasting
 + Level 4.3 Conjurations
 + Level 0.0 Hexes
 + Level 0.1 Summonings
 + Level 1.7 Necromancy
 + Level 3.5 Transmutations
 + Level 0.2 Ice Magic
 + Level 7.6 Earth Magic
 + Level 0.8 Invocations


You had 7 spell levels left.
You knew the following spells:

 Your Spells              Type           Power      Damage    Failure   Level
a - Sandblast             Erth           100%       2d20      1%          1
b - Dispel Undead         Necr           21%        3d11      38%         4
s - Stone Arrow           Conj/Erth      100%       3d13      2%          3
Z - Passwall              Tmut/Erth      42%        N/A       1%          2

Your spell library contained the following spells:

 Spells                   Type           Power      Damage    Failure   Level
 Beastly Appendage        Tmut           70%        N/A       1%          1
 Petrify                  Tmut/Erth      51%        N/A       9%          4
 Summon Ice Beast         Ice/Summ       9%         N/A       58%         4
 Alistair's Intoxication  Tmut/Pois      14%        N/A       75%         5
 Summon Mana Viper        Hex/Summ       9%         N/A       92%         5
 Death Channel            Necr           10%        N/A       99%         6
 Monstrous Menagerie      Summ           4%         N/A       100%        7
 Cigotuvi's Dreadful Rot  Necr/Pois/Air  Unusable   N/A       N/A         2

Dungeon Overview and Level Annotations

Branches:
Dungeon (9/15)             Temple (1/1) D:7
   Lair: D:8-11         Orc: D:9-12

Altars:
Ashenzari
Dithmenos
Elyvilon
Gozag
Hepliaklqana
Kikubaaqudgha
Makhleb
Nemelex Xobeh
Okawaru
Qazlal
Ru
Sif Muna
Trog
Uskayaw
Vehumet
Wu Jian
Xom
Yredelemnul
Zin
The Shining One

Annotations:
D:6 Dowan, Duvessa
D:8 Psyche


Innate Abilities, Weirdness & Mutations

You are immune to sickness and miasma.
Your stone body is resilient. (AC +7)
You are immune to poison.
You resist negative energy. (rN+)
You are resistant to electric shocks. (rElec)
You are resistant to unholy torment.
You are immune to petrification.


Message History

Makhleb smites you!
Casting: Stone Arrow (dangerous; 2% risk of failure)
Confirm with . or Enter, or press ? or * to list all spells.
Aiming: Stone Arrow (dangerous; 2% risk of failure)
Press: ? - help, Shift-Dir - straight line, f/p - smoke demon
Aim: a smoke demon (severely wounded, durably summoned, 81% to hit)
You feel a surge of power!
The stone arrow hits the smoke demon!!
You kill the smoke demon!
That felt strangely unrewarding.
Unknown command.
There is a stone staircase leading up here.
Makhleb sends a minion to punish you.
A balrug comes into view.
It is wielding a +0 demon whip of venom.
Casting: Stone Arrow (dangerous; 2% risk of failure)
Confirm with . or Enter, or press ? or * to list all spells.
Aiming: Stone Arrow (dangerous; 2% risk of failure)
Press: ? - help, Shift-Dir - straight line, f - balrug
Aim: a balrug, wielding a +0 demon whip of venom (durably summoned, 72% to hit)
You feel a surge of power!
The stone arrow hits the balrug!
The balrug is lightly wounded.
Unknown command.
Casting: Stone Arrow (dangerous; 2% risk of failure)
Confirm with . or Enter, or press ? or * to list all spells.
Aiming: Stone Arrow (dangerous; 2% risk of failure)
Press: ? - help, Shift-Dir - straight line, f/p - balrug
Aim: a balrug, wielding a +0 demon whip of venom (lightly wounded, durably summoned, 72% to hit)
You feel a surge of power!
The stone arrow hits the balrug!!
The balrug is moderately wounded.
The balrug gestures at you. Makhleb smites you!
Casting: Stone Arrow (dangerous; 2% risk of failure)
Confirm with . or Enter, or press ? or * to list all spells.
Aiming: Stone Arrow (dangerous; 2% risk of failure)
Press: ? - help, Shift-Dir - straight line, f/p - balrug
Aim: a balrug, wielding a +0 demon whip of venom (moderately wounded, durably summoned, 72% to hit)
You feel a surge of power!
The stone arrow hits the balrug!!
The balrug is severely wounded.
The balrug hits you with a +0 demon whip of venom!!
You are engulfed in flames!!
You die...

#.......#
#.............#
........#
#.............#
........#
#............>#
#.......#
#........##...#
#.......# #........#
...# #.......#
#........# ..#
#.......####........#
..#
#................2..#
.#
#...............@...#
.#
#...................#
#.............####..#
#.............# #..#
#.............# #..#
..............# #..#
..###........# ..#
#........#


You could see a balrug.

Vanquished Creatures
  Pikel (D:8)
  A smoke demon (D:9)
  A hornet (D:7)
  Grinder (D:5)
  Prince Ribbit (D:5)
  Sigmund (D:3)
  2 yaks
  Eustachio (D:5)
  A steam dragon (D:7)
  Edmund (D:6)
  A sky beast (D:7)
  An orc warrior (D:8)
  A black bear (D:7)
  2 ogres
  A centaur (D:9)
  2 lemures (D:8)
  4 bullfrogs
  2 gnoll sergeants
  4 scorpions
  7 wights
  6 killer bees (D:8)
  6 howler monkeys
  2 jellies
  4 hounds
  A gnoll bouda (D:9)
  Jessica (D:3)
  2 orc wizards
  10 gnolls
  10 adders
  A river rat (D:4)
  A shadow imp (D:7)
  3 white imps
  An ufetubus (D:6)
  3 worms
  2 dart slugs (D:3)
  11 orcs
  6 bats
  5 endoplasms
  A giant cockroach (D:3)
  4 goblins
  13 hobgoblins
  4 jackals (D:1)
  A quokka (D:2)
  10 ball pythons
  3 frilled lizards
  3 kobolds
  12 rats
162 creatures vanquished.

Notes
Turn   | Place    | Note
-------+----------+-------------------------------------------
     0 | D:1      | ICEMaiden the Gargoyle Earth Elementalist began the quest
                  | for the Orb.
     0 | D:1      | Reached XP level 1. HP: 10/10 MP: 3/3
   151 | D:1      | Reached XP level 2. HP: 16/16 MP: 3/5
   158 | D:1      | Reached skill level 1 in Transmutations
   800 | D:2      | Reached skill level 1 in Fighting
   803 | D:2      | Reached skill level 4 in Earth Magic
   803 | D:2      | Reached XP level 3. HP: 20/20 MP: 0/6
   969 | D:2      | You fall into a shaft and drop 2 floors!
   974 | D:4      | Learned a level 2 spell: Passwall
   978 | D:4      | Learned a level 3 spell: Stone Arrow
  1058 | D:3      | Got Qidifien's Compendium of Forms
  1078 | D:3      | Found a shadowy altar of Dithmenos.
  1423 | D:3      | Reached XP level 4. HP: 25/25 MP: 5/7
  1442 | D:3      | Found a faded altar of an unknown god.
  1481 | D:2      | Found a burning altar of Makhleb.
  1491 | D:2      | Noticed Jessica
  1491 | D:2      | Noticed Sigmund
  2224 | D:3      | Killed Jessica
  2225 | D:3      | Reached XP level 5. HP: 30/30 MP: 6/8
  2255 | D:3      | Killed Sigmund
  2256 | D:3      | Reached skill level 1 in Armour
  2256 | D:3      | Reached skill level 1 in Shields
  2256 | D:3      | Reached skill level 1 in Conjurations
  2256 | D:3      | Reached XP level 6. HP: 29/36 MP: 4/9
  2369 | D:4      | Reached skill level 5 in Earth Magic
  2544 | D:4      | Reached XP level 7. HP: 24/40 MP: 1/10
  3403 | D:5      | Entered Level 5 of the Dungeon
  3460 | D:5      | Found a broken altar of Ashenzari.
  3668 | D:5      | Noticed Grinder
  3981 | D:5      | Noticed Prince Ribbit
  3992 | D:5      | Killed Prince Ribbit
  3993 | D:5      | Reached XP level 8. HP: 19/48 MP: 9/12
  4524 | D:5      | Noticed Eustachio
  4584 | D:5      | Killed Eustachio
  4585 | D:5      | Reached skill level 6 in Earth Magic
  4671 | D:5      | Killed Grinder
  5031 | D:6      | Noticed Edmund
  5043 | D:6      | Killed Edmund
  5201 | D:6      | Reached XP level 9. HP: 52/52 MP: 9/14
  5334 | D:6      | Noticed Duvessa
  5335 | D:6      | Noticed Dowan
  5400 | D:7      | Reached skill level 5 in Fighting
  5579 | D:7      | Learned a level 4 spell: Dispel Undead
  5591 | D:7      | Noticed a hornet
  5609 | D:7      | Killed a hornet
  5610 | D:7      | Reached skill level 1 in Long Blades
  5723 | D:7      | Reached skill level 7 in Earth Magic
  6010 | D:7      | Found a staircase to the Ecumenical Temple.
  6020 | Temple   | Entered the Ecumenical Temple
  6190 | Temple   | Became a worshipper of Makhleb the Destroyer
  6218 | D:7      | Reached skill level 5 in Stealth
  6415 | D:7      | Found a shimmering blue altar of Sif Muna.
  6476 | D:7      | Reached skill level 1 in Necromancy
  7020 | D:8      | Found a glowing golden altar of the Shining One.
  7178 | D:8      | Reached XP level 10. HP: 29/60 MP: 11/15
  7187 | D:8      | Reached * piety under Makhleb
  7378 | D:8      | Noticed Psyche
  7391 | D:8      | Found a shimmering altar of Xom.
  7507 | D:8      | Reached skill level 5 in Dodging
  7901 | D:7      | Fell from the grace of Makhleb
  7901 | D:7      | Became a worshipper of Sif Muna the Loreminder
  8140 | D:8      | Found a radiant altar of Vehumet.
  8233 | D:8      | Noticed Pikel
  8241 | D:8      | Killed Pikel
  8554 | D:9      | Noticed a smoke demon
  8556 | D:9      | Killed a smoke demon
  8583 | D:9      | Noticed a balrug
  8585 | D:9      | Slain by a balrug

Illustrated notes

Levels and vault maps discovered:
D:1:      reono_arrival_forest_river, layout_rooms, lemuel_flame_loot_1
D:2:      layout_rooms, basic_altar, uniq_jessica, uniq_sigmund
D:3:      layout_loops_ring, amcnicky_altar_gilded,
          ebering_ecumenical_altar_rust
D:4:      layout_basic, portal_sewer_entry_b, minivault_19
D:5:      layout_loops_corners, cheibrodos_ashenzari_chains,
          uniq_prince_ribbit1, uniq_eustachio, uniq_grinder
D:6:      layout_basic, cheibrodos_worm_habitat, serial_bayou_pond_e,
          uniq_duvessa, uniq_edmund
D:7:      layout_rooms, mainiacjoe_overflow_alcove_2,
          minmay_temple_entry_mini_moons, moated_statue, hex_large,
          minmay_misc_feat_rugged
D:8:      layout_basic, mainiacjoe_overflow_concentric_impassable,
          mainiacjoe_overflow_large_starburst, uniq_psyche, uniq_pikel
D:9:      layout_long_grid, marbit_many_paths, lair_entry_dummy
Temple:   nicolae_temple_ecumenical_triangle

Skill      XL: |  1  2  3  4  5  6  7  8  9 10 |
---------------+-------------------------------+-----
Transmutations | 1 2 3 |  3.5
Fighting       | 1 2 3 4 5 6 |  6.4
Earth Magic    | 4 5 6 7 |  7.6
Dodging        | 2 3 4 5 |  5.2
Stealth        | 3 4 5 |  5.1
Armour         | 1 2 3 |  3.0
Shields        | 1 2 3 4 |  4.3
Conjurations   | 1 2 3 4 |  4.3
Spellcasting   | 3 4 |  4.1
Long Blades    | 2 |  2.7
Necromancy     | 1 |  1.7
Summonings     | |  0.1
Ice Magic      | |  0.2
Invocations    | |  0.8

Action                     |  1- 3 |  4- 6 |  7- 9 | 10-12 || total
---------------------------+-------+-------+-------+-------++-------
  Melee: Dagger            |    15 |     6 |     5 |       ||    26
         Whip              |       |       |    17 |       ||    17
         Triple sword      |       |       |    35 |    13 ||    48
  Throw: Boomerang         |    10 |     4 |       |       ||    14
         Dart              |       |    10 |    10 |       ||    20
   Cast: Sandblast         |    43 |    43 |   125 |    48 ||   259
         Stone Arrow       |       |       |    12 |     6 ||    18
    Use: Scroll            |     2 |       |    15 |     1 ||    18
   Stab: Sleeping          |       |       |     3 |     1 ||     4
 Armour: Robe              |     7 |    11 |    73 |    20 ||   111
  Dodge: Dodged            |    24 |    27 |   133 |    31 ||   215
